[Event "Team 45 45 League T30"]
[Site "Internet Chess Club"]
[Date "2006.03.25"]
[Round "1"]
[White "StevieBlunder"]
[Black "clarnibass"]
[Result "0-1"]
[WhiteElo "1682"]
[BlackElo "1709"]
[TimeControl "2700+45"]

1. e4 e6 2. d4 d5 3. Nd2 Nf6 4. e5 Nfd7 5. Ngf3 c5 6. c3 Nc6 7. Bd3 Qb6 8. Qa4
cxd4 9. cxd4 f6 10. exf6 Nxf6 11. a3 Bd6 12. Bb5 O-O 13. Bxc6 bxc6 14. b4 Bd7
15. Qc2 a5 16. Rb1 axb4 17. axb4 Bxb4 18. Ne5 Qxd4 19. Nxd7 Nxd7 20. O-O c5 21.
Nf3 Qc3 22. Qe2 Qf6 23. Qb5 Ne5 24. Nxe5 Qxe5 25. Bb2 Qf5 26. Qb7 Qf7 27. Qb5
Rab8 28. Qd3 c4 29. Qg3 Bc5 30. h4 Rb3 31. Qe5 Bxf2+ 32. Kh1 Qf6 33. Qxf6 gxf6
34. Rxf2 c3 35. Rc2 Rfb8 36. Kh2 Rxb2 37. Rbc1 Rxc2 38. Rxc2 d4 39. Kg3 Rc8
{White resigns} 0-1  aics%

[Event "Team 45 45 League T30"]
[Site "Internet Chess Club"]
[Date "2006.03.22"]
[Round "1"]
[White "bobhill"]
[Black "JustinSane"]
[Result "0-1"]
[WhiteElo "2036"]
[BlackElo "2218"]
[TimeControl "2700+45"]

1. d4 Nf6 2. Nf3 g6 3. Bg5 Bg7 4. Nbd2 d6 5. e4 O-O 6. c3 h6 7. Bh4 Nc6 8. Be2
e5 9. dxe5 dxe5 10. Qc2 Qe8 11. O-O Nh5 12. Rfe1 Nf4 13. Bf1 g5 14. Bg3 Qe7 15.
Rad1 h5 16. h3 h4 17. Bh2 Qf6 18. b4 Kh8 19. b5 Ne7 20. c4 Rg8 21. Kh1 g4 22.
hxg4 Bxg4 23. c5 Bh6 24. Nc4 h3 25. Nfxe5 hxg2+ 26. Bxg2 Nxg2 27. Nxg4 Qf3 28.
Rd3 Ne3+ 29. Kg1 Qg2# {White checkmated} 0-1

[Event "Team 45 45 League T30"]
[Site "Internet Chess Club"]
[Date "2006.03.26"]
[Round "1"]
[White "ROWLAND"]
[Black "Gregorio"]
[Result "1/2-1/2"]
[WhiteElo "1957"]
[BlackElo "2084"]
[TimeControl "2700+45"]

1. e4 e5 2. Nf3 Nc6 3. d4 exd4 4. Nxd4 Bc5 5. Be3 Qf6 6. c3 Nge7 7. Bc4 Ne5 8.
Be2 Qg6 9. O-O O-O 10. f3 d6 11. Kh1 d5 12. Nd2 Rd8 13. Qc2 Bb6 14. Bf4 f6 15.
a4 c6 16. Bg3 dxe4 17. fxe4 c5 18. Bxe5 cxd4 19. Bxd4 Bxd4 20. cxd4 Rxd4 21.
Rad1 Nc6 22. Bc4+ Kh8 23. Qc3 Bg4 24. Nf3 Rxd1 25. Rxd1 Qxe4 26. h3 Bxf3 27.
gxf3 Qf5 28. Kg2 Re8 29. Rd5 Ne5 30. Bb5 Qg6+ 31. Kf2 Rf8 32. Qc5 Qf7 33. f4 a6
34. Be2 Nc6 35. Rd7 Qe8 36. Rxb7 h6 37. Rc7 Nd8 38. Qe7 Ne6 39. Qxe8 Rxe8 40.
Rc4 a5 41. Bd3 Rb8 42. Bg6 Rxb2+ 43. Kf3 Rb8 44. Kg4 Nf8 45. Kf5 Rb4 46. Rc8 Kg8
47. Be8 Kh7 48. Bf7 g6+ 49. Bxg6+ Nxg6 50. Rc7+ Ne7+ 51. Rxe7+ Kg8 52. Kg6 Kf8
53. Rf7+ Kg8 54. Rxf6 Rxa4 55. h4 Rd4 56. h5 a4 57. Kxh6 a3 58. Kg6 a2 59. h6
Rd8 60. Ra6 Kf8 61. Rxa2 Rd6+ 62. Kg5 Kf7 63. f5 Rd7 64. Ra8 Rd1 65. Ra7+ Kg8
66. Rg7+ Kh8 67. Ra7 Rg1+ 68. Kf6 Rh1 69. Kg6 Rg1+ 70. Kf7 Kh7 71. Ra6 Rg7+ 72.
Kf6 Kxh6 73. Ra1 Kh7 74. Re1 Rg2 75. Re7+ Kg8 76. Re8+ Kh7 77. Kf7 Rb2 78. f6
Ra2 79. Re4 Ra7+ 80. Re7 Ra8 81. Re8 Ra6 82. Re7 Ra8 83. Rb7 Rc8 84. Ke7 Ra8 85.
Kf7 Rc8 86. Re7 Rb8 87. Re8 Rb6 88. Re4 Rb7+ 89. Re7 Rb8 90. Re2 Rb7+ 91. Re7
Rb8 92. Re8 Rb6 93. Ke7 Rb7+ 94. Ke6 Rb6+ 95. Kf5 Rb5+ 96. Re5 Rb1 97. Re7+ Kg8
{Game drawn by mutual agreement} 1/2-1/2  aics%

[Event "Team 45 45 League T30"]
[Site "Internet Chess Club"]
[Date "2006.03.26"]
[Round "1"]
[White "nightflier"]
[Black "fileman"]
[Result "1-0"]
[WhiteElo "2028"]
[BlackElo "1966"]
[TimeControl "2700+45"]

1. d4 Nc6 2. c4 e5 3. d5 Nce7 4. Nc3 Ng6 5. a3 a5 6. Nf3 Bc5 7. h4 d6 8. h5 N6e7
9. h6 g6 10. Ne4 b6 11. Bg5 Bf5 12. Nf6+ Nxf6 13. Bxf6 O-O 14. Ng5 Qe8 15. e3
Qd8 16. g4 Bd7 17. Ne4 Qc8 18. Bxe7 {Black resigns} 1-0  aics% 
Luisenrique13(71): zlata, Don!!!! aics%

[Event "Team 45 45 League T30"]
[Site "Internet Chess Club"]
[Date "2006.03.28"]
[Round "1"]
[White "BillyNoMates"]
[Black "baumhauer"]
[Result "1-0"]
[WhiteElo "1909"]
[BlackElo "1958"]
[TimeControl "2700+45"]

1. e4 c5 2. Nf3 e6 3. d4 cxd4 4. Nxd4 a6 5. Be2 Qc7 6. a3 Nf6 7. Nc3 Nc6 8. Be3
d6 9. g4 h6 10. f4 g6 11. h4 e5 12. Nb3 Be6 13. Bf3 exf4 14. Bxf4 O-O-O 15. Nd4
Nxd4 16. Qxd4 Bg7 17. Qb4 Nxg4 18. Nd5 Bxd5 19. Bxg4+ Be6 20. Bxe6+ fxe6 21.
O-O-O e5 22. Be3 Qe7 23. Rd3 Rd7 24. Bb6 Bf6 25. Rhd1 Bxh4 26. Rxd6 Rxd6 27.
Rxd6 Rf8 28. Qc5+ Kb8 29. Kb1 Rc8 30. Qd5 Bf6 31. Rd7 {Black resigns} 1-0  aics%

[Event "Team 45 45 League T30"]
[Site "Internet Chess Club"]
[Date "2006.03.27"]
[Round "1"]
[White "Allessia"]
[Black "Guasto"]
[Result "1-0"]
[WhiteElo "2098"]
[BlackElo "1994"]
[TimeControl "2700+45"]

1. e4 e6 2. d4 d5 3. Nd2 c5 4. exd5 Qxd5 5. Ngf3 cxd4 6. Bc4 Qd6 7. O-O Nf6 8.
Nb3 Nc6 9. Re1 a6 10. a4 Be7 11. Nfxd4 Nxd4 12. Qxd4 O-O 13. Bf4 Qxd4 14. Nxd4
Bc5 15. Nf3 Bd7 16. Red1 Rac8 17. Bb3 Bc6 18. Ne5 Ba7 19. Nxc6 Rxc6 20. a5 Ne4
21. Be3 Bxe3 22. fxe3 f5 23. c3 Nc5 24. Bc2 Rfc8 25. Rd2 R6c7 26. Rad1 Kf7 27.
g4 g6 28. Rd6 Ke7 29. b4 Nd7 30. Bb3 Nf8 31. c4 Rd7 32. c5 Rcd8 33. Rxd7+ Rxd7
34. g5 Rxd1+ 35. Bxd1 Nd7 36. Bf3 Ne5 37. Bxb7 Nd3 38. Bxa6 Nxb4 39. Bb5 Kd8 40.
Kf2 Kc7 41. Ke2 Nc6 42. Bxc6 Kxc6 43. a6 e5 44. Kd3 Kc7 45. Kc4 Kc6 46. h4 Kc7
47. Kd5 e4 48. c6 Kb8 49. Ke5 {Black resigns} 1-0  aics%

[Event "Team 45 45 League T30"]
[Site "Internet Chess Club"]
[Date "2006.03.25"]
[Round "1"]
[White "jayes"]
[Black "Div-anand"]
[Result "1/2-1/2"]
[WhiteElo "1907"]
[BlackElo "1940"]
[TimeControl "2700+45"]

1. e4 e5 2. Nf3 Nc6 3. Bb5 a6 4. Ba4 Nf6 5. Qe2 b5 6. Bb3 Be7 7. O-O d6 8. a4
Bb7 9. axb5 axb5 10. Rxa8 Qxa8 11. Qxb5 O-O 12. d3 Na5 13. Bd2 Nxb3 14. Qxb3 d5
15. Nxe5 dxe4 16. dxe4 Nxe4 17. Bb4 c5 18. Ba3 Bd5 19. c4 Bb7 20. f3 Ng5 21. Rd1
Rd8 22. Rxd8+ Qxd8 23. Qd3 Qc7 24. Qd7 Qxd7 25. Nxd7 Ne6 26. Nc3 Ba6 27. b3 Bc8
28. Nb6 Ba6 29. Ncd5 Bd6 30. b4 cxb4 31. Bxb4 Be5 32. g3 Bd4+ 33. Kg2 f6 34. f4
Kf7 35. Kf3 f5 36. Bc3 Bc5 37. Nd7 Bg1 38. Ne5+ Ke8 39. Ne3 Bb7+ 40. Nd5 Bc5 41.
g4 fxg4+ 42. Kxg4 Bxd5 43. cxd5 Nc7 44. Nd3 Bf8 45. d6 Nb5 46. d7+ Kxd7 47. Ne5+
Ke6 48. f5+ Ke7 49. Bb2 Ke8 50. Nf3 Na7 51. Ng5 h6 52. Ne6 Kf7 53. Kh5 Nc6 54.
h4 Kg8 55. f6 gxf6 56. Nxf8 Kxf8 57. Kxh6 {Game drawn by mutual agreement}
1/2-1/2  aics%

[Event "Team 45 45 League T30"]
[Site "Internet Chess Club"]
[Date "2006.03.26"]
[Round "1"]
[White "daechine"]
[Black "JohnnySP"]
[Result "1/2-1/2"]
[WhiteElo "1901"]
[BlackElo "1804"]
[TimeControl "2700+45"]

1. e4 e5 2. Nc3 Nf6 3. f4 d5 4. fxe5 Nxe4 5. Nf3 Be7 6. Qe2 Nxc3 7. dxc3 Nc6 8.
Bf4 g5 9. Bg3 g4 10. Nd4 Nxd4 11. cxd4 c6 12. Qf2 Qa5+ 13. c3 Be6 14. Bd3 Qd8
15. O-O h5 16. Bf5 Rf8 17. Qc2 Kd7 18. c4 Qc7 19. cxd5 cxd5 20. Rac1 Qxc2 21.
Rxc2 Rac8 22. Bd3 Rxc2 23. Bxc2 Rc8 24. Ba4+ Kd8 25. Bf4 Rc4 26. b3 Rxd4 27. Be3
Re4 28. Bxa7 Ba3 29. Bf2 Rxe5 30. Bh4+ Be7 31. Bg3 Bc5+ 32. Kh1 Re2 33. Rc1 Ba3
34. Bh4+ Be7 35. Be1 Bd6 36. Ba5+ Ke7 37. Rf1 Rxa2 38. Bc3 f5 39. Rc1 Re2 40.
Bb5 Re3 41. b4 Be5 42. Bd2 Rb3 43. Re1 Bc3 44. Bg5+ Kf7 45. Rc1 Be5 46. Bd2 Rb2
47. Be1 d4 48. Bd3 f4 49. Rc5 Bd6 50. Rb5 Be7 51. Rxh5 f3 52. gxf3 gxf3 53. Kg1
Rg2+ 54. Kf1 Rg5 55. Rh7+ Rg7 56. Rxg7+ Kxg7 57. Be4 b5 58. Bxf3 {Game drawn by
mutual agreement} 1/2-1/2  aics%

[Event "Team 45 45 League T30"]
[Site "Internet Chess Club"]
[Date "2006.03.31"]
[Round "1"]
[White "martineden"]
[Black "Loco-Motif"]
[Result "1-0"]
[WhiteElo "1913"]
[BlackElo "1928"]
[TimeControl "2700+45"]

1. d4 d5 2. c4 c6 3. Nf3 Nf6 4. Nc3 dxc4 5. a4 Bg4 6. Ne5 Bh5 7. g3 e6 8. Bg2
Bb4 9. O-O Nd5 10. Qc2 O-O 11. Nxc4 Nb6 12. Qd3 Bg6 13. Ne4 N8d7 14. Bf4 Nf6 15.
Nxb6 Qxb6 16. Nxf6+ gxf6 17. Qc4 Rad8 18. Be3 Qa5 19. Bh6 Rfe8 20. Rfd1 Bf8 21.
Bd2 Qb6 22. Bc3 Bc2 23. d5 exd5 24. Qg4+ Bg6 25. Bxf6 Rd6 26. Bd4 Qa6 27. e3 Bg7
28. Bxg7 Kxg7 29. h4 h5 30. Qd4+ f6 31. g4 Kf7 32. Qf4 hxg4 33. Qxd6 {Black
resigns} 1-0  aics%

[Event "Team 45 45 League T30"]
[Site "Internet Chess Club"]
[Date "2006.03.25"]
[Round "1"]
[White "mickeys"]
[Black "Avedldesierto"]
[Result "0-1"]
[WhiteElo "1681"]
[BlackElo "1743"]
[TimeControl "2700+45"]

1. d4 Nf6 2. Nf3 d6 3. c4 Bg4 4. Qd3 Nc6 5. Nbd2 e5 6. d5 Bxf3 7. exf3 Nd4 8.
Ne4 h6 9. Be3 c5 10. dxc6 Nxc6 11. a3 Be7 12. Be2 O-O 13. Rd1 Nxe4 14. fxe4 Qc7
15. O-O b6 16. b4 Rac8 17. Bg4 Ra8 18. Rc1 Bg5 19. f4 exf4 20. Bxf4 Bxf4 21.
Rxf4 Ne5 22. Qe2 a5 23. Rff1 axb4 24. axb4 Ra4 25. c5 Rxb4 26. cxd6 Qxd6 27.
Rfd1 Rd4 28. Bf3 Rxd1+ 29. Rxd1 Qc5+ 30. Kh1 Nxf3 31. gxf3 Rc8 32. Rb1 Qg5 33.
Qd1 Qe3 34. Kg2 Rc6 35. Qd8+ Kh7 36. Qd1 Rg6+ 37. Kh1 Qf2 38. Qf1 Qxf1+ 39. Rxf1
Kg8 40. Rb1 Kf8 41. f4 Ke7 42. Rb5 Rc6 43. Kg2 Kd7 44. Kf3 g6 45. Rd5+ Rd6 46.
Rb5 Kc6 47. Re5 Re6 48. Rd5 f5 49. Rd2 Rxe4 50. Rc2+ Kb5 51. Rc7 Rc4 52. Rh7
Rc3+ 53. Kg2 h5 54. Rg7 Rc6 55. Re7 Kc4 56. Re1 b5 57. Rc1+ Kd5 58. Rb1 Rc2+ 59.
Kg3 Kc4 60. h4 b4 61. Kf3 b3 62. Ke3 Kc3 {White resigns} 0-1  aics%

[Event "Team 45 45 League T30"]
[Site "Internet Chess Club"]
[Date "2006.03.25"]
[Round "1"]
[White "stakastra"]
[Black "nursey"]
[Result "0-1"]
[WhiteElo "1578"]
[BlackElo "1686"]
[TimeControl "2700+45"]

1. e4 e5 2. Nc3 Nf6 3. Bc4 Nc6 4. d3 Bb4 5. Bd2 O-O 6. Nf3 d6 7. h3 Be6 8. Nd5
Bxd2+ 9. Qxd2 Bxd5 10. exd5 Ne7 11. O-O Nexd5 12. Bxd5 Nxd5 13. c4 Nf4 14. Nh2
Qg5 15. Qxf4 Qxf4 16. Nf3 Rae8 17. Rad1 a6 18. Nh2 b5 19. cxb5 axb5 20. Ng4 c6
21. Ne3 Ra8 22. a3 Qd4 23. Nf5 Qxb2 24. Ne7+ Kh8 25. Nxc6 Rxa3 26. Ne7 Ra2 27.
Nd5 Qd4 28. Ne3 d5 29. Nf5 Qf4 30. Nd6 b4 31. Nb5 b3 32. Rb1 b2 33. Nc3 Rfa8 34.
Nxa2 Rxa2 35. Rfe1 f5 36. g3 Qd4 37. Kg2 Qxd3 38. Rxe5 g6 39. Ree1 Kg7 40. h4
Kf6 41. Rbd1 Qc2 42. Rxd5 b1=Q 43. Rd6+ Kg7 44. Re7+ Kh6 {White resigns} 0-1 
aics%

[Event "Team 45 45 League T30"]
[Site "Internet Chess Club"]
[Date "2006.03.25"]
[Round "1"]
[White "kutch"]
[Black "Klowe"]
[Result "0-1"]
[WhiteElo "1513"]
[BlackElo "1555"]
[TimeControl "2700+45"]

1. e4 c5 2. Nf3 Nc6 3. Bb5 a6 4. Bxc6 bxc6 5. d3 d5 6. Nbd2 Bg4 7. b3 d4 8. O-O
e5 9. Qe1 Qf6 10. h3 Bxf3 11. Nxf3 h6 12. Nh2 Bd6 13. f3 Ne7 14. Ng4 Qe6 15. f4
exf4 16. Bxf4 Bxf4 17. Rxf4 O-O 18. Qg3 Kh7 19. Raf1 f5 20. exf5 Rxf5 21. Re1
Qd6 22. Ne5 Rxe5 23. Rxe5 Qxe5 24. Qg4 Ng6 25. Rf5 Qe3+ 26. Kh2 Rf8 27. Rxc5 Ne5
28. Qe4+ Qxe4 29. dxe4 d3 30. cxd3 Nxd3 31. Rc3 Ne5 32. Re3 g5 33. Re2 Kg6 34.
Kg1 a5 35. Rd2 Rf4 36. Rd6+ Kh5 37. g4+ Kh4 38. Kg2 Nf7 39. Rxc6 Rxe4 40. Rc3
Re2+ 41. Kf3 Rxa2 42. Ke4 Rh2 43. Kf5 Rxh3 44. Rxh3+ Kxh3 45. Kg6 Ne5+ 46. Kxh6
Kxg4 {White resigns} 0-1  aics%

[Event "Team 45 45 League T30"]
[Site "Internet Chess Club"]
[Date "2006.03.27"]
[Round "1"]
[White "caalan"]
[Black "mal57"]
[Result "1-0"]
[WhiteElo "1569"]
[BlackElo "1475"]
[TimeControl "2700+45"]

1. d4 d5 2. c4 dxc4 3. Nc3 Nf6 4. e4 Nc6 5. Nf3 e6 6. Bxc4 Bb4 7. Qc2 Nxd4 8.
Nxd4 Qxd4 9. Qa4+ Bd7 10. Qxb4 c5 11. Qxb7 O-O 12. Be2 Nxe4 13. Qxe4 Qf6 14. O-O
e5 15. Bd3 g6 16. Nd5 Qg7 17. b3 f6 18. Bc4 Kh8 19. Ba3 Bf5 20. Qe3 Rfc8 21.
Bxc5 Rd8 22. Rfd1 Rd7 23. Bb5 Rdd8 24. Be7 Rdb8 25. Bxf6 {Black resigns} 1-0 
aics%

[Event "Team 45 45 League T30"]
[Site "Internet Chess Club"]
[Date "2006.03.31"]
[Round "1"]
[White "RD1974"]
[Black "Ghostblaster"]
[Result "0-1"]
[WhiteElo "1671"]
[BlackElo "1727"]
[TimeControl "2700+45"]

1. e4 c5 2. Nc3 e6 3. g3 Nc6 4. Bg2 d6 5. d3 Nf6 6. f4 Be7 7. Nf3 e5 8. f5 d5 9.
O-O dxe4 10. dxe4 O-O 11. Be3 a6 12. Qxd8 Rxd8 13. Rfd1 Rxd1+ 14. Rxd1 b6 15.
Nd2 Bb7 16. Nc4 b5 17. Nb6 Rd8 18. Ncd5 Nxd5 19. Nxd5 Bf8 20. a3 b4 21. c3 bxa3
22. bxa3 Bd6 23. Rb1 Na5 24. Nb6 c4 25. a4 Bc6 26. Rd1 Bc7 27. Nd5 Bxd5 28. exd5
Bd6 29. Bb6 Nb7 30. Bxd8 Nxd8 31. Rb1 f6 32. Rb6 Bc5+ 33. Kf1 Bxb6 34. Ke2 Nf7
35. h3 Nd6 36. g4 Kf8 37. Kd2 e4 38. Bf1 e3+ 39. Kc2 Bc5 40. Be2 Ke8 41. Kd1 Kd8
42. h4 Kc7 43. a5 Ne4 44. Kc2 Kd6 45. Bxc4 Ng3 46. Kd1 e2+ 47. Ke1 Ke5 48. Bxa6
Kxd5 49. Bb7+ Kc4 50. a6 Kxc3 51. Bf3 Kd3 52. Bxe2+ Nxe2 53. Kf1 Ng1 54. g5 Nf3
55. gxf6 gxf6 56. h5 Nd4 57. Kg2 Nxf5 58. Kh3 Nd6 59. Kg4 f5+ 60. Kf4 Be3+ 61.
Kf3 f4 62. Kg2 Ke2 {White resigns} 0-1  aics%

[Event "Team 45 45 League T30"]
[Site "Internet Chess Club"]
[Date "2006.03.25"]
[Round "1"]
[White "autobot"]
[Black "Rainbird"]
[Result "0-1"]
[WhiteElo "1599"]
[BlackElo "1663"]
[TimeControl "2700+45"]

1. d4 Nf6 2. Nf3 d5 3. e3 c5 4. c3 Qc7 5. Nbd2 e6 6. Bd3 Nbd7 7. O-O Bd6 8. e4
cxd4 9. cxd4 dxe4 10. Nxe4 Nxe4 11. Bxe4 Nf6 12. Qe2 O-O 13. Bd2 Bd7 14. Rfc1
Qb6 15. Bc3 Rac8 16. a4 Nxe4 17. Qxe4 Bc6 18. Qg4 Bxf3 19. Qxf3 Qc6 20. Qg4 Qd5
21. a5 a6 22. g3 Be7 23. Re1 Bf6 24. h4 Rc4 25. Rad1 Rd8 26. h5 Bxd4 27. h6
Bxf2+ 28. Kxf2 Rxg4 29. Rxd5 Rxd5 30. Bxg7 Rxg7 31. Rc1 Rf5+ 32. Ke2 Kh8 33.
hxg7+ Kxg7 34. b4 Kg6 35. Rc4 f6 36. Rc8 Rb5 37. Rc4 f5 38. Kf3 e5 39. Ke3 Kg5
40. Kf3 h5 41. Ke3 f4+ 42. gxf4+ exf4+ 43. Kf3 h4 44. Kg2 Kg4 45. Kh2 b6 46.
axb6 Rxb6 47. Kg2 Rd6 48. Rc3 Rd2+ 49. Kg1 f3 50. Rc8 Rd5 51. Kf2 h3 52. Rc4+
Kg5 53. Kxf3 h2 54. Rc1 Rd2 55. Kg3 Rb2 56. Rc5+ Kf6 57. Rc1 Ke5 58. Rd1 Ke4 59.
Ra1 Kd3 60. Rf1 Kc3 61. Rh1 Kxb4 62. Kf3 a5 63. Ke3 a4 64. Kd3 a3 65. Rc1 a2
{White resigns} 0-1  aics%  Pajarilla(71): ola aics%

[Event "Team 45 45 League T30"]
[Site "Internet Chess Club"]
[Date "2006.03.23"]
[Round "1"]
[White "clarinetref"]
[Black "mrmarck"]
[Result "1-0"]
[WhiteElo "1605"]
[BlackElo "1456"]
[TimeControl "2700+45"]

1. Nf3 d5 2. c4 dxc4 3. e4 Bg4 4. Bxc4 Nc6 5. Be2 Nd4 6. Qa4+ Nc6 7. O-O e6 8.
e5 Bxf3 9. Bxf3 Ne7 10. Nc3 a6 11. Rd1 b5 12. Qe4 Qd7 13. d4 Rd8 14. Be3 Nb4 15.
a3 Nbd5 16. Bg5 Nxc3 17. bxc3 h6 18. Bd2 Nd5 19. Qd3 Be7 20. c4 bxc4 21. Qxc4
Qb5 22. Be2 c6 23. Rdb1 Qxc4 24. Bxc4 O-O 25. Bxa6 Ra8 26. Bb7 Rxa3 27. Bxc6
Rxa1 28. Rxa1 Rc8 29. Bxd5 exd5 30. g3 h5 31. Ra5 h4 32. Kg2 hxg3 33. hxg3 Rd8
34. f4 g6 35. Ra7 Kf8 36. Kf3 Rc8 37. Rd7 Rd8 38. Rb7 Ra8 39. Rd7 Rd8 40. Rb7
Ra8 41. Bb4 Bxb4 42. Rxb4 Ra3+ 43. Kg4 Rd3 44. Kh4 Rd1 45. Kg5 Kg7 46. f5 gxf5
47. Kxf5 Rf1+ 48. Kg5 f6+ 49. exf6+ Rxf6 50. Rb7+ Rf7 51. Rxf7+ Kxf7 52. Kf5
{Black resigns} 1-0  aics%

[Event "Team 45 45 League T30"]
[Site "Internet Chess Club"]
[Date "2006.03.26"]
[Round "1"]
[White "Legal"]
[Black "NotSoGreat"]
[Result "0-1"]
[WhiteElo "2074"]
[BlackElo "2267"]
[TimeControl "2700+45"]

1. e4 c5 2. Nc3 e6 3. f4 Nc6 4. Nf3 Nge7 5. Be2 d5 6. d3 Nd4 7. O-O Nxe2+ 8.
Qxe2 d4 9. Nd1 Nc6 10. c3 Be7 11. c4 a6 12. Ne5 Qc7 13. Qg4 Nxe5 14. Qxg7 Ng6
15. Nf2 Bf8 16. Qf6 Qe7 17. Ng4 h5 18. Qxe7+ Bxe7 19. Ne5 b5 20. b3 Bd6 21. Nxg6
fxg6 22. Ba3 Bd7 23. Rab1 O-O 24. g3 b4 25. Bb2 a5 26. e5 Be7 27. h4 a4 28. Ra1
axb3 29. axb3 Bc6 30. Rxa8 Rxa8 31. Ra1 Rxa1+ 32. Bxa1 Bf3 {White resigns} 0-1 
aics%

[Event "Team 45 45 League T30"]
[Site "Internet Chess Club"]
[Date "2006.03.25"]
[Round "1"]
[White "billarvola"]
[Black "jonesey"]
[Result "0-1"]
[WhiteElo "2004"]
[BlackElo "2002"]
[TimeControl "2700+45"]

1. d4 Nf6 2. Nf3 c5 3. c4 cxd4 4. Nxd4 e5 5. Nb5 d5 6. cxd5 Bc5 7. N5c3 O-O 8.
e3 Qe7 9. Be2 e4 10. Nd2 Rd8 11. Qc2 Bf5 12. Nb3 Nxd5 13. Nxc5 Qxc5 14. Bd2 Nb4
15. Qa4 N8c6 16. a3 Nd3+ 17. Bxd3 Rxd3 18. Rc1 Rad8 19. Nb5 Qb6 20. Bc3 Rxe3+
{White resigns} 0-1  aics%

[Event "Team 45 45 League T30"]
[Site "Internet Chess Club"]
[Date "2006.03.26"]
[Round "1"]
[White "Bort"]
[Black "nminwalla"]
[Result "0-1"]
[WhiteElo "1995"]
[BlackElo "2030"]
[TimeControl "2700+45"]

1. d4 d5 2. c4 e6 3. Nf3 Nf6 4. Bg5 Be7 5. Nc3 h6 6. Bh4 O-O 7. e3 b6 8. Rc1 Bb7
9. Bxf6 Bxf6 10. cxd5 exd5 11. Bd3 c5 12. O-O Nd7 13. Bf5 Re8 14. Qb3 g6 15.
Bxd7 Qxd7 16. Rfd1 c4 17. Qc2 a6 18. b3 Rac8 19. bxc4 Rxc4 20. e4 Rec8 21. Qb3
Qc7 22. exd5 Kg7 23. d6 Qxd6 24. Ne4 Qc7 25. Rxc4 Qxc4 26. Nxf6 Qxb3 27. Nh5+
gxh5 28. axb3 Rc3 29. Nd2 Rd3 30. Kf1 Rxd4 31. f3 Kf6 32. Ke2 h4 33. Ke3 Rd5 34.
Rc1 Re5+ 35. Kf4 Re2 36. Nc4 b5 37. Ne3 Rd2 38. Rc7 Rd4# {White checkmated} 0-1 
aics%

[Event "Team 45 45 League T30"]
[Site "Internet Chess Club"]
[Date "2006.03.25"]
[Round "1"]
[White "MiroslavR"]
[Black "Squaredance"]
[Result "0-1"]
[WhiteElo "2006"]
[BlackElo "1901"]
[TimeControl "2700+45"]

1. e4 d5 2. exd5 Qxd5 3. Nc3 Qa5 4. d4 Nf6 5. Nf3 Ne4 6. Bd2 Nxd2 7. Qxd2 e6 8.
Bc4 Bb4 9. O-O O-O 10. a3 Bxc3 11. Qxc3 Qxc3 12. bxc3 Nd7 13. Rfe1 b6 14. Bb5
Nf6 15. Bc6 Rb8 16. Ne5 Rd8 17. Bf3 Bb7 18. Bxb7 Rxb7 19. Rad1 h6 20. f3 c5 21.
dxc5 Rxd1 22. Rxd1 bxc5 23. Rd8+ Kh7 24. Rc8 Rb1+ 25. Kf2 Rc1 26. Rxc5 Rxc2+ 27.
Kg3 Nh5+ 28. Kh3 Nf4+ 29. Kg3 g5 {White resigns} 0-1  aics%

[Event "Team 45 45 League T30"]
[Site "Internet Chess Club"]
[Date "2006.03.26"]
[Round "1"]
[White "Chessmurderer"]
[Black "Vitruvian"]
[Result "0-1"]
[WhiteElo "1910"]
[BlackElo "1937"]
[TimeControl "2700+45"]

1. d4 e6 2. c4 f5 3. Nc3 Nf6 4. Nf3 d5 5. g3 c6 6. Bg2 Bd6 7. O-O O-O 8. Qc2 Ne4
9. a3 Nd7 10. b4 Ndf6 11. b5 Bd7 12. bxc6 Bxc6 13. c5 Bc7 14. Bb2 Qe8 15. a4 Qh5
16. e3 g5 17. Nb5 Bxb5 18. axb5 f4 19. Ne5 fxg3 20. fxg3 Bxe5 21. dxe5 Ng4 22.
Bxe4 dxe4 23. Bd4 Rf3 24. c6 bxc6 25. bxc6 Raf8 26. c7 Rc8 27. Rxa7 Qh3 28. Qg2
Rxf1+ 29. Kxf1 Nxh2+ 30. Kg1 Nf3+ 31. Kf2 Qf5 32. Ke2 Nxe5 33. Bxe5 Qxe5 34. Qh3
Kg7 35. Qg4 Qb2+ 36. Kf1 Rf8+ 37. Ke1 Qc3+ 38. Ke2 Qd3+ 39. Ke1 Rf1# {White
checkmated} 0-1  aics%

[Event "Team 45 45 League T30"]
[Site "Internet Chess Club"]
[Date "2006.03.25"]
[Round "1"]
[White "rayonline53"]
[Black "tourettes"]
[Result "1-0"]
[WhiteElo "1703"]
[BlackElo "1755"]
[TimeControl "2700+5"]

1. d4 Nf6 2. c4 e6 3. e3 Bb4+ 4. Bd2 c5 5. Bxb4 cxb4 6. Bd3 a5 7. Nf3 Nc6 8. O-O
O-O 9. Nbd2 b6 10. Qc2 h6 11. b3 Ba6 12. Rad1 d5 13. Rfe1 Rc8 14. Qb1 Re8 15. h3
Qc7 16. Rc1 Qb7 17. Rc2 Ne7 18. Rec1 Ne4 19. Bxe4 dxe4 20. Ne5 f6 21. Ng4 h5 22.
Nh2 f5 23. f4 Ng6 24. g4 Qf7 25. g5 Qc7 26. Qb2 Nxf4 27. exf4 Qxf4 28. Ndf1 Qh4
29. Rg2 Bb7 30. Qf2 Qxh3 31. Rg3 Qh4 32. Qg2 Qf4 33. Re1 e3 34. Nf3 h4 35. Rh3
Bxf3 36. Rxf3 Qxd4 37. Kh1 Qg4 38. Qxg4 fxg4 39. Rfxe3 Rc6 40. Nh2 g3 41. Ng4
Kh8 42. Kg2 Rd6 43. Kh3 Kh7 44. Kxh4 Kg6 45. Kxg3 Kxg5 46. Nf2 Rd2 47. R1e2
{Black forfeits on time} 1-0

[Event "Team 45 45 League T30"]
[Site "Internet Chess Club"]
[Date "2006.03.25"]
[Round "1"]
[White "engeln"]
[Black "houseofcook"]
[Result "1-0"]
[WhiteElo "1508"]
[BlackElo "1340"]
[TimeControl "2700+45"]

1. e4 e6 2. Nc3 d5 3. d4 dxe4 4. Nxe4 Nd7 5. Nf3 Ngf6 6. Bd3 Be7 7. O-O Nxe4 8.
Bxe4 Nf6 9. Bd3 O-O 10. c4 c5 11. Be3 b6 12. Be2 Bb7 13. Ne5 Qc7 14. b3 Bd6 15.
f4 Be4 16. Ng4 Nxg4 17. Bxg4 Qb7 18. Bh3 f5 19. Qe2 Rf6 20. Kf2 Rd8 21. Rad1 Qc7
22. Ke1 Qb7 23. dxc5 bxc5 24. Bxc5 Bc7 25. Bd4 Ba5+ 26. Kf2 Rg6 27. Rg1 Bc7 28.
Qe3 Qa6 29. Rd2 Qb7 30. a3 Bb6 31. c5 Bc7 32. b4 a6 33. Be5 Qb8 34. Qc3 Rxd2+
35. Qxd2 Bxe5 36. fxe5 Qf8 37. g3 Rh6 38. Bg2 Rxh2 39. Kf1 Bxg2+ 40. Rxg2 Rh1+
41. Kf2 Ra1 42. Qe3 Qd8 43. Qe2 Rxa3 44. Qb2 Rd3 45. Kg1 Qg5 46. c6 Qe3+ 47. Kh2
Qh6+ 48. Kg1 Qe3+ 49. Rf2 Qe1+ 50. Kg2 Qe4+ 51. Kh2 Qxc6 52. Qe2 Rd4 53. Qa2
Rxb4 54. Rxf5 Rb2+ 55. Qxb2 exf5 56. Qb8+ Kf7 57. Qa7+ Ke6 58. Qxg7 Qe8 59. Qf6+
Kd5 60. Qxa6 Kxe5 61. Qe2+ {Black resigns} 1-0  aics%

[Event "Team 45 45 League T30"]
[Site "Internet Chess Club"]
[Date "2006.03.23"]
[Round "1"]
[White "EyeAm"]
[Black "Midwest-Rook"]
[Result "1/2-1/2"]
[WhiteElo "1304"]
[BlackElo "1275"]
[TimeControl "2700+45"]

1. e4 e5 2. Nf3 Nc6 3. Bc4 Bc5 4. c3 Nf6 5. d4 exd4 6. cxd4 Bb4+ 7. Bd2 Nxe4 8.
Bxb4 Nxb4 9. Qb3 Qe7 10. O-O O-O 11. Re1 d6 12. Qxb4 a5 13. Qa4 Bd7 14. Qc2 Bf5
15. Bd3 d5 16. Nc3 Rfe8 17. Nxd5 Qd6 18. Ne3 Bg6 19. Nc4 Qd5 20. Nce5 Bf5 21.
Qc4 Qxc4 22. Bxc4 Nd6 23. Rac1 c6 24. Bb3 a4 25. Bc2 Bxc2 26. Rxc2 f6 27. Nc4
Nf5 28. Rce2 Red8 29. Re4 b5 30. g4 Nh6 31. Ncd2 Nf7 32. Re6 Nd6 33. Ne4 Nxe4
34. R1xe4 Rac8 35. Kf1 h6 36. h4 Kf8 37. Re7 c5 38. dxc5 Rxc5 39. Rb7 Rc1+ 40.
Kg2 Rc5 41. Ree7 Re8 42. Rf7+ Kg8 43. Rxg7+ Kh8 44. Rh7+ Kg8 45. Rbg7+ Kf8 46.
Rf7+ Kg8 47. Rfg7+ Kf8 48. g5 hxg5 49. hxg5 fxg5 50. Nxg5 Rc6 51. Rf7+ Kg8 52.
Rfg7+ Kf8 53. Rf7+ Kg8 54. Rhg7+ Kh8 55. Rh7+ Kg8 56. Rfg7+ Kf8 57. Rf7+ {Game
drawn by repetition} 1/2-1/2  aics%

[Event "Team 45 45 League T30"]
[Site "Internet Chess Club"]
[Date "2006.03.27"]
[Round "1"]
[White "WannaB"]
[Black "arconia"]
[Result "0-1"]
[WhiteElo "1091"]
[BlackElo "1373"]
[TimeControl "2700+45"]

1. e4 c5 2. Nc3 Nc6 3. f4 e6 4. Bb5 d6 5. Bxc6+ bxc6 6. Nf3 Ba6 7. d3 d5 8. exd5
cxd5 9. O-O Nf6 10. Re1 Bd6 11. d4 O-O 12. Be3 c4 13. b3 Ng4 14. Bd2 Re8 15. Ne5
f5 16. Nxg4 fxg4 17. Qxg4 Qf6 18. f5 exf5 19. Rxe8+ Rxe8 20. Qf3 Qxd4+ 21. Qf2
Bxh2+ 22. Kf1 cxb3+ 23. Ne2 Qxa1+ 24. Qe1 Bxe2+ 25. Kf2 Qd4+ 26. Be3 Qxe3#
{White checkmated} 0-1  aics%